 Dungeon Crawl Stone Soup version 0.31-a0-187-gba352fbbf7 (webtiles) character file.

Game seed: 8421441054689697809

36 qw the Shooter (level 3, -5/20 HPs)
             Began as a Deep Elf Hunter on June 22, 2023.
             Killed from afar by Sigmund (8 damage)
             ... with a magic dart
             ... on level 2 of the Dungeon.
             The game lasted 00:00:19 (583 turns).

qw the Shooter (Deep Elf Hunter)                     Turns: 583, Time: 00:00:19

Health: -5/20      AC:  3    Str: 10    XL:     3   Next: 19%
Magic:  5/5        EV: 12    Int: 13    God:
Gold:   73         SH:  0    Dex: 18    Spells: 2/2 levels left

rFire   . . .        Y - +0 shortbow
rCold   . . .        (shield currently unavailable)
rNeg    . . .        c - +0 leather armour
rPois   .            (no helmet)
rElec   .            (no cloak)
rCorr   .            (no gloves)
SInv    .            (no boots)
Will    .....        (no amulet)
Stlth   +            (no ring)
HPRegen 0.23/turn    (no ring)
MPRegen 0.09/turn

%: no passive effects
@: confused
A: no striking features
a: no special abilities


You were on level 2 of the Dungeon.
You visited 1 branch of the dungeon, and saw 2 of its levels.

You collected 73 gold pieces.


   Skills:
 - Level 1.5 Fighting
 + Level 6.8 Ranged Weapons
 - Level 2.4 Dodging
 - Level 1.2 Stealth


You had 2 spell levels left.
You didn't know any spells.
Your spell library was empty.

Inventory:

Hand Weapons
 Y - a +0 shortbow (weapon)
Armour
 c - a +0 leather armour (worn)
Scrolls
 a - a scroll of identify {unknown}
Potions
 d - a potion of berserk rage {unknown}
 f - a potion of cancellation {unknown}
 g - a potion of attraction {unknown}

Dungeon Overview and Level Annotations

Branches:
Dungeon (2/15)

Altars:

Shops:
D:1 [(?(

Annotations:
D:2 Sigmund


Message History

You start resting.
HP restored.
Sigmund the Dreaded comes into view.
He is wielding a +0 scythe.
Found a stone staircase leading up.
Sigmund shouts!
Sigmund casts a spell at you. The puff of flame hits you.
You shoot an arrow. The arrow hits Sigmund.
Sigmund is lightly wounded.
You shoot an arrow. The arrow hits Sigmund.
Sigmund is lightly wounded.
You shoot an arrow. The arrow hits Sigmund.
Sigmund is moderately wounded.
You start resting.
Sigmund is nearby!
You shoot an arrow. The arrow hits Sigmund.
Sigmund is moderately wounded.
Sigmund barely misses you.
You shoot an arrow. The arrow barely misses Sigmund.
You shoot an arrow. The arrow hits Sigmund!
Sigmund is severely wounded.
Sigmund barely misses you.
You shoot an arrow.
The arrow hits Sigmund but does no damage.
Sigmund is severely wounded.
Sigmund misses you.
You shoot an arrow. The arrow barely misses Sigmund.
Sigmund hits you from afar with a +0 scythe!
You shoot an arrow. The arrow barely misses Sigmund.
You shoot an arrow. The arrow closely misses Sigmund.
Sigmund gestures at you while chanting.
You are confused.
Sigmund barely misses you.
Sigmund points at you and mumbles some strange words.
You are more confused.
Sigmund points at you and mumbles some strange words.
The puff of flame hits you! Sigmund gestures at you while chanting.
The magic dart hits you!
You die...

..........#
..............##
<........#....#
.......#.###<.#
......... ##.##
........# #...#
.....%..# #...#
.....@..###...#
#.@......#
######...# #...#
#.#.# #.#.#
#.#.# ..>.# #.#


You could see Sigmund.

Vanquished Creatures
  A dart slug (D:1)
  5 ball pythons (D:1)
  2 endoplasms (D:1)
  A giant cockroach (D:1)
  6 goblins (D:1)
  4 hobgoblins (D:1)
  2 quokkas (D:1)
  3 bats
  4 frilled lizards
  A kobold (D:1)
29 creatures vanquished.

Notes
Turn   | Place    | Note
-------+----------+-------------------------------------------
     0 | D:1      | qw the Deep Elf Hunter began the quest for the Orb.
     0 | D:1      | Reached XP level 1. HP: 12/12 MP: 3/3
     0 | D:1      | 0 ||| qw: Version: 0.3-a-9-g12657ce
     0 | D:1      | 0 ||| qw: Game counter: 2572
     0 | D:1      | 0 ||| qw: Always use a shield: true
     0 | D:1      | 0 ||| qw: God list: Okawaru
     0 | D:1      | 0 ||| qw: Allow faded altars: false
     0 | D:1      | 0 ||| qw: Do Orc after D:15 true
     0 | D:1      | 0 ||| qw: Do second Lair branch before Depths: true
     0 | D:1      | 0 ||| qw: Lair rune preference: random
     0 | D:1      | 0 ||| qw: Plans: Normal
     0 | D:1      | 0 ||| PLANNING D:1-11
    23 | D:1      | Found Nopniypa's Weapon Shoppe.
    52 | D:1      | 52 ||| FLEEEEING.
    53 | D:1      | 53 ||| FLEEEEING.
   109 | D:1      | Reached skill level 6 in Ranged Weapons
   109 | D:1      | Reached XP level 2. HP: 16/16 MP: 4/4
   170 | D:1      | Found Initsio's Magic Scroll Boutique.
   178 | D:1      | 178 ||| SHOPLISTING scroll of enchant armour (90 gold, have
                  | 17).
   178 | D:1      | 178 ||| SHOPLISTING scroll of identify (24 gold, have 17).
   178 | D:1      | 178 ||| SHOPLISTING scroll of teleportation (36 gold, have
                  | 17).
   234 | D:1      | Found Voasai Vune's Antique Armour Boutique.
   244 | D:1      | 244 ||| SHOPLISTING crude scale mail (252 gold, have 28).
   244 | D:1      | 244 ||| SHOPLISTING ring mail (112 gold, have 28).
   244 | D:1      | 244 ||| SHOPLISTING runed ring mail (196 gold, have 28).
   244 | D:1      | 244 ||| SHOPLISTING shiny scale mail (196 gold, have 28).
   278 | D:1      | Found Miutep's Weapon Emporium.
   300 | D:1      | Reached XP level 3. HP: 20/20 MP: 5/5
   305 | D:1      | 305 ||| SHOPLISTING +1 orcbow of freezing (133 gold, have
                  | 38).
   517 | D:1      | 517 ||| READING scroll labelled ABLEYS MOURGH.
   522 | D:1      | 522 ||| READING 2 scrolls labelled HIBOPN ATAIKH.
   523 | D:1      | 523 ||| DROPPING scroll of butterflies.
   524 | D:1      | 524 ||| DROPPING scroll of revelation.
   568 | D:2      | Noticed Sigmund
   582 | D:2      | HP: 2/20 [Sigmund/puff of flame (8)]
   583 | D:2      | Killed from afar by Sigmund

Levels and vault maps discovered:
D:1:      saegor_arrival_simple_e, layout_rooms, serial_shops,
          nicolae_shop_bloodbath_and_beyond, nicolae_lakefront_shop,
          nicolae_lakefront_shop, shop, feat_on_display
D:2:      layout_rooms, serial_corexii_hall, corexii_hall_statues_t,
          corexii_hall_statues_l, corexii_hall_statues_i,
          corexii_hall_statues_l, nicolae_concentric_dashed_squares_wild,
          uniq_crazy_yiuf_cottage, uniq_sigmund, uniq_jessica

Skill      XL: |  1 |
---------------+----+-----
Ranged Weapons | 6 |  6.8
Fighting       | |  1.5
Dodging        | |  2.4
Stealth        | |  1.2

Action                     || total
---------------------------++-------
   Fire: Shortbow          ||    70
    Use: Scroll            ||     2
 Armour: Leather armour    ||     6
  Dodge: Dodged            ||    16

Table legend:
 A = Non-vault XP
 B = Vault XP
 C = Vault XP percentage of total XP
 D = Non-vault monster count
 E = Vault monster count
 F = Vault count percentage of total count
                 A         B        C        D         E       F
            +---------+---------+-------+---------+---------+-------
      Total |      52 |       0 |   0.0 |      29 |       0 |   0.0
            +---------+---------+-------+---------+---------+-------
        D:1 |      49 |       0 |   0.0 |      27 |       0 |   0.0
        D:2 |       3 |       0 |   0.0 |       2 |       0 |   0.0
            +---------+---------+-------+---------+---------+-------
